cohdb
Replays
Latest Replays
All Replays
Popular Replays
Top Player Replays
Match Explorer
How It Works
Community
CoH3 Stats
Reddit
Sign in to upload your games and track your stats! →
Sign in with Steam
Match 38787991
Unlisted
Match 38787991
Overview
Messages
Build Orders
End
Kradschützen Motorcycle Team
Panzergrenadier Squad
Selects Armored Support Battlegroup
Panzergrenadier Squad
Construct Light Support Kompanie
Selects Superior Fire Drills
MG34 Team
Fire Support Elements
Flakvierling Half-track
Assault Mechanized Group
Combat Half-tracks
2.5-tonne Medical Truck
Selects Vehicle Awareness
Construct Mechanized Kompanie
Selects Panzer Storm
250 Light Carrier
Panzergrenadier Squad
Veteran Squad Leaders
Marder III Tank Destroyer
Assault Mechanized Group
StuG III D Assault Gun
PIX3L_BOX
Honey
khj
mame
Howard
UBERdumpster
Maman Skadi
MOSH MOSHI
0
0
Comments
sign in to comment!
No comments posted yet!